 Dungeon Crawl Stone Soup version 0.29.0-15-g675c0067aa (webtiles) character file.

Game seed: 289383376718019295

9 qw the Sneak (level 2, -3/19 HPs)
             Began as a Gargoyle Delver on Sept 11, 2022.
             Slain by a worm (9 damage)
             ... on level 2 of the Dungeon.
             The game lasted 00:00:13 (304 turns).

qw the Sneak (Gargoyle Delver)                       Turns: 304, Time: 00:00:14

Health: -3/19      AC:  5    Str: 15    XL:     2   Next: 16%
Magic:  2/2        EV: 11    Int: 10    God:
Gold:   46         SH:  0    Dex: 11    Spells: 1/1 levels left

rFire   . . .      SeeInvis .   a - +0 hand axe
rCold   . . .      Faith    .   (no shield)
rNeg    + . .      Spirit   .   b - +0 leather armour
rPois   inf        Reflect  .   (no helmet)
rElec   +          Harm     .   (no cloak)
rCorr   .          Rampage  .   (no gloves)
Will    .....                   (no boots)
Stlth   +++.......              (no amulet)
HPRegen 0.06/turn               (no ring)
MPRegen 0.08/turn               (no ring)

@: no status effects
A: sickness immunity, AC +2, negative energy resistance 1, electricity
resistance, torment resistance 1, petrification resistance
a: no special abilities


You were on level 2 of the Dungeon.
You visited 1 branch of the dungeon, and saw 4 of its levels.

You collected 46 gold pieces.


Innate Abilities, Weirdness & Mutations

You are immune to sickness and miasma.
Your stone body is resilient. (AC +2)
You are immune to poison.
You resist negative energy. (rN+)
You are resistant to electric shocks. (rElec)
You are resistant to unholy torment.
You are immune to petrification.


   Skills:
 - Level 3.2 Fighting
 + Level 2.5 Axes
 - Level 1.5 Dodging
 - Level 5.4 Stealth


You had one spell level left.
You didn't know any spells.
Your spell library was empty.

Inventory:

Hand Weapons
 a - a +0 hand axe (weapon)
 c - a +0 whip of flaming
Armour
 b - a +0 leather armour (worn)
Jewellery
 d - a ring of protection from cold
Wands
 g - a wand of digging (3)
Potions
 f - a potion of haste

Dungeon Overview and Level Annotations

Branches:
Dungeon (5/15)
 Temple: D:4-7

Altars:

Shops:
D:4 :


Message History

278 ||| Stepping ~*~*~tactically~*~*~ (stealth).
A hobgoblin comes into view.
The hobgoblin shouts!
A worm comes into view.
The worm bites you but does no damage.
You see here a +0 dagger.
You hit the worm.
The worm is moderately wounded.
You hit the hobgoblin. The hobgoblin misses you.
You hit the hobgoblin.
You kill the hobgoblin!
You barely miss the worm. The worm bites you.
You hit the worm.
The worm is moderately wounded.
The worm bites you.
You slash the worm!
The worm is severely wounded.
You hit the worm.
The worm is almost dead.
The worm closely misses you.
You barely miss the worm.
The worm is almost dead.
The worm bites you but does no damage.
You hit the worm but do no damage.
The worm is severely wounded.
The worm bites you.
You hit the worm.
The worm is severely wounded.
You hit the worm but do no damage.
The worm is severely wounded.
The worm closely misses you.
You hit the worm.
The worm is severely wounded.
The worm barely misses you.
You hit the worm.
The worm is almost dead.
The worm bites you!
You die...

######### ........#
##### #########.###...#
#...........#.#.#
#.#######.#.#.#.# ###.#
..........#.## #...#
#####.#.##@%.#
#.###.#####.#...w...#
............####........
#.###.####### ##.......
#.# #.# ####### #.# #.#
..###.## ##.......#
##.##.##.#


You could see a worm.

Vanquished Creatures
  3 hobgoblins
  2 jackals (D:2)
  A kobold (D:3)
  A ball python (D:2)
  A frilled lizard (D:2)
8 creatures vanquished.

Notes
Turn   | Place    | Note
-------+----------+-------------------------------------------
     0 | D:5      | qw the Gargoyle Delver began the quest for the Orb.
     0 | D:5      | Reached XP level 1. HP: 14/14 MP: 1/1
     0 | D:5      | 0 ||| qw: Version: 0.1-a-117-gfe26ee0
     0 | D:5      | 0 ||| qw: Game counter: 10090
     0 | D:5      | 0 ||| qw: Always use a shield: true
     0 | D:5      | 0 ||| qw: God list: Okawaru
     0 | D:5      | 0 ||| qw: Allow faded altars: false
     0 | D:5      | 0 ||| qw: Do Orc after D:15 true
     0 | D:5      | 0 ||| qw: Do second Lair branch before Depths: true
     0 | D:5      | 0 ||| qw: Lair rune preference: random
     0 | D:5      | 0 ||| qw: Plans: Normal
     0 | D:5      | 0 ||| PLANNING D:1-11
     0 | D:5      | 0 ||| DROPPING scroll of fog.
     1 | D:5      | 1 ||| DROPPING scroll of magic mapping.
     2 | D:5      | 2 ||| DROPPING scroll of fear.
    10 | D:4      | Found Biwi's Book Shop.
    64 | D:3      | 64 ||| FLEEEEING.
    65 | D:3      | 65 ||| STAIRDANCE
    84 | D:2      | Reached XP level 2. HP: 14/19 MP: 2/2
   274 | D:2      | 274 ||| Stepping ~*~*~tactically~*~*~ (stealth).
   276 | D:2      | 276 ||| Stepping ~*~*~tactically~*~*~ (stealth).
   277 | D:2      | 277 ||| Stepping ~*~*~tactically~*~*~ (stealth).
   278 | D:2      | 278 ||| Stepping ~*~*~tactically~*~*~ (stealth).
   304 | D:2      | Slain by a worm

Levels and vault maps discovered:
D:2:      layout_loops_ring
D:3:      minmay_angry_zag, layout_rooms, grunt_decor_resistance,
          minmay_strange_pillars, uniq_natasha
D:4:      cheibrodos_barr_body, layout_loops_ring,
          nicolae_overflow_hallway_of_the_gods,
          minmay_temple_entry_statues_pillars, serial_shops,
          nicolae_stop_n_shop_2, uniq_crazy_yiuf_cottage, uniq_blork_the_orc
D:5:      layout_rooms

Skill      XL: |  1 |
---------------+----+-----
Axes           | 2 |  2.5
Fighting       | |  3.2
Dodging        | |  1.5
Stealth        | |  5.4

Action                   || total
-------------------------++-------
Melee: Hand axe          ||    33
Armor: Leather armour    ||    14
Dodge: Dodged            ||    19

Table legend:
 A = Non-vault XP
 B = Vault XP
 C = Vault XP percentage of total XP
 D = Non-vault monster count
 E = Vault monster count
 F = Vault count percentage of total count
                 A         B        C        D         E       F
            +---------+---------+-------+---------+---------+-------
      Total |      14 |       0 |   0.0 |       8 |       0 |   0.0
            +---------+---------+-------+---------+---------+-------
        D:2 |       8 |       0 |   0.0 |       5 |       0 |   0.0
        D:3 |       4 |       0 |   0.0 |       2 |       0 |   0.0
        D:4 |       2 |       0 |   0.0 |       1 |       0 |   0.0
            +---------+---------+-------+---------+---------+-------
